[Event "1000 GM Labor Day Super Swiss 2024"]
[Site "San Jose"]
[Date "2024.09.03"]
[Round "8.1"]
[White "Mikaelyan, Arman"]
[Black "Quesada Perez, Yasser"]
[Result "1-0"]
[Annotator "TA"]
[ECO "C79"]
[WhiteElo "2529"]
[BlackElo "2581"]
[PlyCount "111"]
[EventDate "2024.08.30"]
[EventType "swiss"]
[EventCountry "USA"]
[SourceTitle "playchess.com"]
[Source "ChessBase"]
[SourceQuality "1"]
[TimeControl "5400+30"]

1. e4 e5 2. Nf3 Nc6 3. Bb5 a6 4. Ba4 d6 5. O-O Nf6 6. Bxc6+ bxc6 7. d4 exd4 8. Nxd4 $1 {[%emt 0:00:13] 8.Nxd4 is better than 8.Qxd4.} c5 9. Nc6 {[%emt 0:00:49] C79: Ruy Lopez: Steinitz-type lines with 3...a6 4 Ba4 Nf6 5 0-0 d6.} Qd7 10. Na5 Qa4 11. Qe1 Be7 12. c4 O-O 13. b3 Qe8 14. Bb2 Bd8 15. Nc3 $146 ({Predecessor:} 15. e5 Ng4 16. Qe4 Rb8 17. Nc6 f5 18. Qd5+ Be6 19. Qf3 Rb6 20. Nxd8 Qxd8 21. Re1 {1-0 Smirnov,A (2523)-Bartel,M (2604) Warsaw Najdorf Memorial op-A 16th 2018 (9)}) 15... c6 16. e5 dxe5 17. Na4 e4 18. Nxc5 Bc7 19. b4 Bf5 20. Qc3 Qc8 21. h3 Re8 22. Qe3 Nh5 23. f4 Qb8 24. Be5 Bxe5 25. fxe5 Qxe5 26. g4 Ng3 27. gxf5 Nxf5 28. Qf4 $1 Qd4+ 29. Kh1 g6 30. Rac1 (30. Nxc6 $6 Qxc4 31. Rfd1 Qc3 $11) (30. Rae1 $16) 30... Qb2 {[%emt 0:01:03] [#]} ({Black should play} 30... Qf6 $1 $14) 31. Nxc6 (31. Nxe4 $2 Rxe4 (31... Qxb4 $2 32. Nf6+ Kg7 33. Nxe8+ Rxe8 34. Nb3 $18) 32. Rf2 Qxb4 $19 (32... Rxf4 $2 33. Rxb2 Re8 34. Rc3 $19)) (31. Rg1 $1 $16) 31... e3 $14 32. Nd3 Qf6 33. Nce5 Qe6 34. Nf3 (34. Qg4 $5) 34... Rad8 35. Nc5 Qc6 36. Kh2 e2 37. Rfe1 Re3 38. Ne5 Qf6 $2 (38... Qa8 $1 $11 39. Ncd7 Kg7) 39. Ne4 $18 Qh4 40. Qxh4 Nxh4 41. Ng4 Nf3+ {[%emt 0:00:05] [#]} 42. Kg2 $1 (42. Kg3 $2 Nxe1+ 43. Nxe3 Nd3 $19) 42... Nxe1+ (42... Rxe4 $2 43. Kxf3 Re6 44. Rxe2 $18) 43. Rxe1 Rd1 (43... Rxe4 $2 44. Nf6+ Kh8 45. Nxe4 $18) 44. Nxe3 Rxe1 45. Kf2 Ra1 $2 (45... Rb1 46. Kxe2 f5 47. Nf6+ Kg7) 46. Kxe2 $18 Rxa2+ 47. Kd3 f5 48. Nc3 Rb2 (48... Ra1 $142 49. c5 Kf7) 49. Ned5 $18 f4 50. c5 (50. Nxf4 Rxb4 51. Nfd5 Rb8 $18) 50... Kf7 51. c6 (51. Nxf4 Rxb4 52. Ncd5 Rb8 $18) 51... Ke6 52. c7 ({Worse is} 52. Nxf4+ Kd6 $15) 52... Kd7 53. Na4 ({Weaker is} 53. Nxf4 Kxc7 54. Nfe2 Kd7 $17 (54... Rxb4 $2 {perishes.} 55. Nd5+ Kd6 56. Nxb4 $18)) 53... Rxb4 54. Nc5+ Kc8 55. Nxa6 Rb3+ 56. Kc4 1-0

[Event "1000 GM Labor Day Super Swiss 2024"]
[Site "San Jose"]
[Date "2024.09.03"]
[Round "8.2"]
[White "Cordova, Emilio"]
[Black "Chen, Ryo"]
[Result "0-1"]
[Annotator "TA"]
[ECO "A49"]
[WhiteElo "2519"]
[BlackElo "2408"]
[PlyCount "92"]
[EventDate "2024.08.30"]
[EventType "swiss"]
[EventCountry "USA"]
[SourceTitle "playchess.com"]
[Source "ChessBase"]
[SourceQuality "1"]
[TimeControl "5400+30"]

1. Nf3 Nf6 2. g3 g6 3. Bg2 Bg7 4. d4 O-O 5. O-O c6 6. a4 a5 {[%emt 0:01:19] A49: 1 d4 Nf6 2 Nf3 g6 3 g3: Anti-King's Indian systems.} 7. b3 d5 8. Bb2 Bf5 9. e3 Nbd7 10. c4 $146 ({Predecessor:} 10. Qe2 Qb6 11. c4 Qxb3 12. Rc1 Bd3 13. Qd2 Ne4 {0-1 Bagrationi,A (2454)-Strybuk,A (2408) Titled Tuesday intern op 04th Jul Late blitz 2023 (2)}) 10... Qb6 11. Na3 Be4 12. Rc1 e6 13. Bc3 Rfe8 14. Nb1 Qa6 15. Nbd2 Bd3 16. Re1 Rad8 17. Bb2 Ne4 18. Nxe4 Bxe4 19. Bf1 Bxf3 20. Qxf3 Qb6 21. Qd1 Nb8 22. Bc3 Nd7 23. Qc2 Bf8 24. c5 Qc7 25. b4 axb4 26. Bxb4 e5 27. a5 Bg7 28. Red1 exd4 29. exd4 Nf8 30. Bc3 Re7 31. Rb1 Ne6 32. h4 f5 33. a6 bxa6 34. Bxa6 Ra8 35. Rb7 Qd8 $1 36. Rb6 f4 {[%emt 0:01:10] [#]} (36... Qc7 $11 {remains equal.}) 37. Rxc6 ({White should try} 37. Bb7 $1 $16) 37... fxg3 $11 38. fxg3 Qe8 39. Rxe6 $2 (39. Rb6 $11 {and White is okay.} Nxd4 40. Qg2 (40. Bxd4 Bxd4+ 41. Rxd4 Rxa6 $11) (40. Rxd4 Re1+ 41. Bxe1 Qxe1+ 42. Kg2 Bxd4 $16)) 39... Rxe6 $19 40. Bb7 Rd8 41. Ba5 Re2 42. Qd3 (42. Qb3 Qe4 43. Bxd5+ Rxd5 44. Qb8+ Bf8) 42... Re3 $1 43. Qf1 Rxg3+ (43... Rd7 44. Bc6 Rxg3+ 45. Kh2 $19) 44. Kh2 Rg4 (44... Re3 $142 {And now ...Re2+ would win.} 45. Re1 (45. Bxd8 $2 Re2+ 46. Kg1 Qe3+ 47. Kh1 Qe4+ 48. Kg1 Bxd4+ 49. Rxd4 Qxd4+ 50. Kh1 Qe4+ 51. Kg1 Qe3+ 52. Kh1 Re1 $19) 45... Rxe1 (45... Bxd4 46. Rxe3 Bxe3 47. Bxd8 $15) 46. Qxe1 Qxe1 (46... Bxd4 47. Bxd5+ Kf8 48. Qf1+ Kg7 49. Bxd8 $11) 47. Bxe1 Bxd4) 45. Re1 $19 {[%emt 0:00:36] [#]} ({Not} 45. Bxd8 $2 Qxd8 46. Rd3 Bxd4 $19 (46... Rxh4+ $2 47. Rh3 $19)) 45... Qd7 $1 (45... Rxh4+ 46. Kg3 Re4 47. Rxe4 dxe4 48. Bxd8 Qxd8 49. Bxe4) 46. Bxd8 Qxd8 0-1

[Event "1000 GM Labor Day Super Swiss 2024"]
[Site "San Jose"]
[Date "2024.09.03"]
[Round "8.3"]
[White "Delgado Ramirez, Neuris"]
[Black "Macovei, Andrei"]
[Result "1/2-1/2"]
[Annotator "TA"]
[ECO "B10"]
[WhiteElo "2485"]
[BlackElo "2466"]
[PlyCount "102"]
[EventDate "2024.08.30"]
[EventType "swiss"]
[EventCountry "USA"]
[SourceTitle "playchess.com"]
[Source "ChessBase"]
[SourceQuality "1"]
[TimeControl "5400+30"]

1. e4 c6 2. d3 d5 3. Nf3 dxe4 4. dxe4 Qxd1+ 5. Kxd1 Nf6 6. Nbd2 {[%emt 0:00:10] B10: Caro-Kann: 2 d3 and 2 c4.} g6 7. Ne5 Be6 8. f3 Nfd7 9. Nd3 Bh6 10. c3 c5 $146 ({Predecessor:} 10... a5 11. a4 Na6 12. Kc2 Nac5 13. f4 Nxd3 14. Bxd3 Bxf4 15. Bc4 Bxd2 16. Bxe6 Bxc1 17. Bxd7+ Kxd7 18. Raxc1 {0-1 Ibarra Jerez,J (2563)-Prohaszka,P (2585) Titled Tuesday intern op 09th May Early blitz 2023 (7)}) 11. g3 Nc6 12. Nf4 Bxf4 13. gxf4 O-O-O 14. Kc2 f5 15. Bb5 Kc7 16. Re1 Nf6 17. Nf1 a6 18. Bxc6 Kxc6 19. b3 fxe4 20. fxe4 Bh3 21. Nd2 Rhf8 22. Re3 Be6 23. Nf3 Nxe4 $1 24. Rxe4 Bf5 25. Ng5 (25. Ne5+ Kc7 26. Be3 Bxe4+) 25... h6 (25... Bxe4+ 26. Nxe4 e5 27. fxe5 $14) (25... e5 $142 {aiming for ...exf4.} 26. fxe5 Rde8 (26... Bxe4+ 27. Nxe4 Rde8 28. Bh6 $17) (26... h6 27. Kb2 $11)) 26. Kb2 $17 hxg5 27. Rxe7 g4 28. Re2 Rfe8 29. Rg2 Rd3 30. Bd2 b5 31. a4 {[%emt 0:01:20] [#]} Kb6 ({Better is} 31... Red8 $1 32. axb5+ axb5) 32. axb5 axb5 33. Rag1 Re4 34. Ra1 Re8 35. Rag1 $1 Rh8 36. Re2 {[%emt 0:00:00] [#]} Rhh3 $1 37. Rc1 Rd7 (37... b4 $17 38. Be1 Rhf3) 38. Be1 $1 $11 Rhd3 39. Re5 Rh7 40. Re2 $1 Rhd7 41. Re5 Rd8 42. Re2 (42. b4 {seems wilder.} Ra8 43. bxc5+ Kc6 44. Ra1) 42... R3d7 43. b4 cxb4 44. cxb4 Rd5 45. Ra1 Kb7 46. Ra5 Rc8 47. Bf2 Ra8 48. Re7+ Bd7 49. Rxa8 Kxa8 50. Kc3 Rd1 51. Re1 Rxe1 1/2-1/2

[Event "1000 GM Labor Day Super Swiss 2024"]
[Site "San Jose"]
[Date "2024.09.03"]
[Round "8.4"]
[White "Corrales Jimenez, Fidel"]
[Black "Batchuluun, Tsegmed"]
[Result "1-0"]
[Annotator "TA"]
[ECO "C02"]
[WhiteElo "2564"]
[BlackElo "2458"]
[PlyCount "83"]
[EventDate "2024.08.30"]
[EventType "swiss"]
[EventCountry "USA"]
[SourceTitle "playchess.com"]
[Source "ChessBase"]
[SourceQuality "1"]
[TimeControl "5400+30"]

1. e4 e6 2. d4 d5 3. e5 c5 4. c3 Nc6 5. Nf3 Qb6 6. a3 Nh6 7. b4 cxd4 8. cxd4 Nf5 9. Be3 f6 10. exf6 (10. b5 {keeps more tension.} Nxe3 11. fxe3 Nxe5 12. dxe5 Qxe3+ 13. Qe2) 10... gxf6 11. Bd3 {[%emt 0:00:03] And now Bxf5 would win.} Nxe3 12. fxe3 {[%emt 0:00:04] The position is equal.} Bh6 13. Qe2 Bd7 14. Nc3 Ne7 15. O-O O-O 16. Kh1 Rac8 17. Qe1 Ng6 18. Rc1 Qd6 19. Rc2 f5 20. h4 (20. Qd2 $11 {was preferrable.}) 20... Kh8 $15 21. h5 Ne7 22. Qh4 a6 23. Ne5 (23. b5 $15) 23... Nc6 $17 (23... Bxe3 24. Qh2 f4 (24... Bxd4 $2 25. Ng6+ Nxg6 26. Qxd6 $18) 25. Ne2 $16) 24. Nxd7 Qxd7 25. Na4 {[%emt 0:00:00] [#]} Bxe3 (25... Rce8 $1 $17 26. Nc5 Qg7) 26. Nc5 $15 Qe8 (26... Nxd4 $2 27. Nxd7 Nxc2 28. Nxf8 Rxf8 29. Qe7 $18 (29. Bxc2 Bh6 $18)) 27. Re2 (27. Nxb7 $15 Nxd4 (27... Bxd4 $2 28. Nd6 $18) 28. Rxc8 Qxc8 29. Nc5) 27... f4 $19 (27... Bxd4 $2 28. Nxe6 Bf6 29. Qh3 $18 (29. Rxf5 $2 Bxh4 30. Rxf8+ Qxf8 $19)) 28. Nxb7 {[%emt 0:00:00] [#]} e5 $1 (28... Bxd4 29. Nd6 Qd8 (29... Bf6 $2 30. Qg4 $18) 30. Qxd8 Rcxd8 31. Rxe6 $14) (28... Nxd4 $2 29. Rxe3 fxe3 30. Qxd4+ e5 31. Rxf8+ (31. Qxe3 Qxh5+ 32. Kg1 Rxf1+ 33. Bxf1 d4 $16) 31... Qxf8 32. Qxe3 $18 (32. Qxe5+ Qg7 $18)) 29. dxe5 (29. Nd6 {keeps fighting.} Qd8 30. Qxd8 Rcxd8 31. Nb7 (31. Rxe3 $2 fxe3 32. Nf7+ Rxf7 $19)) 29... Nxe5 30. Nc5 Rxc5 $2 (30... Bxc5 $2 31. bxc5 Rxc5 32. Rxf4 Rc1+ 33. Kh2 Rxf4 34. Qxf4 Qxh5+ 35. Kg3 $18) (30... d4 $19 {[%cal Oc8c5] aiming for ...Rxc5!} 31. Bxa6 Rd8 (31... f3 32. gxf3 Rf5 33. Rh2 $17)) 31. Rxe3 $11 fxe3 32. bxc5 {[%emt 0:00:31][%cal Oh5h6] Hoping for h6!} Rxf1+ $2 (32... Nxd3 $11 33. Qd4+ Kg8 34. Qg4+ Kh8 35. Qd4+ Kg8 36. Qg4+ Kh8 37. Qd4+) 33. Bxf1 $19 {[%emt 0:00:02][%mdl 4096] Endgame. KQB-KQN} Qf8 {[%emt 0:00:34] Wards off Qf6+} (33... Nf7 $16 34. Bxa6 Kg7) 34. Bxa6 $18 {[%emt 0:01:14] h6 is the strong threat.} Nc6 (34... Qf5 {might work better.} 35. h6 Kg8) 35. Bd3 {[%emt 0:02:42] Strongly threatening h6.} Qg7 36. Qf4 Qe7 37. h6 d4 $2 (37... Kg8 38. Bb5 (38. Qg4+ Kf8 $18) 38... e2 39. Qg4+ (39. Bxc6 $2 {too greedy.} e1=Q+ 40. Kh2 Q1h4+ 41. Qxh4 Qxh4+ $19) 39... Kf7 40. Bxe2 (40. Bxc6 {is a self mate.} e1=Q+ 41. Kh2 Q7e5+ 42. g3 Qb2+) 40... Ne5 41. Qf5+ Ke8) 38. Kg1 Kg8 39. Bc4+ Kh8 40. Qf3 Nd8 41. Qg4 Nf7 42. Qg7# {[%emt 0:00:09] Weighted Error Value: White=0.22 (precise) /Black=0.77.  Loses game:     	---       	Black=1      Missed win:     	---       	Black=1      Mistake:       	White=4     	Black=4      Inaccurate:     	White=1     	Black=2      OK:         	White=8     	Black=10     Best:        	White=5     	Black=3      Strong:       	---       	Black=1} 1-0

[Event "1000 GM Labor Day Super Swiss 2024"]
[Site "San Jose"]
[Date "2024.09.03"]
[Round "8.5"]
[White "Hevia Alejano, Carlos Antonio"]
[Black "Schitco, Ivan"]
[Result "1-0"]
[Annotator "TA"]
[ECO "B06"]
[WhiteElo "2414"]
[BlackElo "2518"]
[PlyCount "87"]
[EventDate "2024.08.30"]
[EventType "swiss"]
[EventCountry "USA"]
[SourceTitle "playchess.com"]
[Source "ChessBase"]
[SourceQuality "1"]
[TimeControl "5400+30"]

1. e4 g6 2. d4 Bg7 3. Nf3 d6 4. Nc3 c6 5. Be2 b5 6. O-O Nd7 7. Re1 (7. e5 $16) 7... Qc7 $14 8. Bg5 Rb8 9. a3 {[%emt 1:00:10] White is better.} a6 10. Qd2 (10. e5 $16) 10... h6 11. Bh4 {[%emt 0:00:00][%cal Oe4e5] White is more active.} e5 12. dxe5 dxe5 13. Rad1 Ngf6 14. Qd6 Rb7 15. a4 (15. Qxc7 {simplifies} Rxc7 16. Nd2 Nc5 17. b4) 15... g5 (15... Qxd6 {simplifies} 16. Rxd6 Rc7 17. Rdd1 O-O) 16. Bg3 Nh5 $1 17. axb5 axb5 18. Qxc7 Rxc7 {[%emt 0:00:02] [#]} 19. Bxe5 $1 Nxe5 20. Nxe5 Bxe5 21. Bxh5 g4 22. g3 Rg8 {[%emt 0:02:59][%cal Bh8g8,Bg8g5,Bg5c5][%mdl 32] [#] Strongly threatening ...Bxc3.} 23. h3 $1 gxh3 24. Kh2 Rg5 {[%emt 0:01:50][%cal Oe5c3] And now ...Bxc3! would win.} 25. Be2 {[%emt 0:00:00] f4 would now be deadly.} Bxc3 26. bxc3 Rc5 $132 {[%emt 0:00:07][%mdl 2048] [#] Black is fighting back} 27. c4 $1 b4 (27... Be6 28. cxb5) 28. Rb1 Rb7 29. Rb3 Ra5 {[%emt 0:03:49] Inhibits Ra1.} 30. g4 Ra2 31. Rc1 c5 32. Kxh3 Bd7 33. Re3 $1 Ba4 34. Bd3 Rd7 35. Kg3 Ra3 36. e5 Ke7 37. Rh1 Rdxd3 $4 38. cxd3 $11 {[%emt 0:00:49][%mdl 4096] Endgame. KRR-KRB} Bc2 39. Rc1 $2 (39. Rxh6 $18 {Threatens to win with Rd6.} Bxd3 40. Rc6 Bxc4 41. Rxa3 (41. Rxc5 Rxe3+ 42. fxe3 Be6 $18) 41... bxa3 42. Rxc5) 39... Rc3 $2 {[%emt 0:03:45] [#]} (39... b3 $14 40. Ree1 Bxd3) 40. Ra1 $1 $18 Bxd3 $2 (40... Rxd3 41. Rxd3 Bxd3) 41. Ra7+ Kd8 (41... Ke8 {is a better defense.} 42. Ra1 Bxc4) 42. Ra5 {[%emt 0:00:28] White is clearly winning.} Be4 43. Kf4 {[%emt 0:00:55] aiming for Rxc3.} Bd3 44. Rxc5 {[%emt 0:00:06] Weighted Error Value: White=0.23 (precise) /Black=0.47.  Loses game:     	---       	Black=2      Missed win:     	White=1     	---        Mistake:       	White=1     	Black=2      Inaccurate:     	White=2     	Black=4      OK:         	White=15    	Black=16     Best:        	White=2     	---        Strong:       	White=1     	Black=1} 1-0

[Event "1000 GM Labor Day Super Swiss 2024"]
[Site "San Jose"]
[Date "2024.09.03"]
[Round "8.6"]
[White "Garcia Guerrero, Isaac Antonio"]
[Black "Sheng, Joshua"]
[Result "0-1"]
[Annotator "TA"]
[ECO "A45"]
[WhiteElo "2291"]
[BlackElo "2474"]
[PlyCount "66"]
[EventDate "2024.08.30"]
[EventType "swiss"]
[EventCountry "USA"]
[SourceTitle "playchess.com"]
[Source "ChessBase"]
[SourceQuality "1"]
[TimeControl "5400+30"]

1. d4 Nf6 2. Bg5 c5 3. d5 Ne4 4. Bf4 Qb6 5. Nd2 {[%emt 0:00:09] [#]} Qxb2 $1 6. Nxe4 {[%emt 0:00:13][%cal Of4d2] Strongly threatening Bd2!} Qb4+ 7. c3 Qxe4 8. e3 {[%emt 0:00:05] [#] Black is slightly better.} g5 $1 9. Bxg5 Qe5 10. Nf3 Qxc3+ 11. Nd2 d6 12. Rb1 a6 13. a4 Nd7 14. Be2 Rg8 15. h4 {[%emt 0:16:19] [#]} (15. Bf4 $142) 15... h6 $1 $17 16. Rb3 (16. Bf4 $17) 16... Qa5 $19 17. Bf4 Rxg2 (17... Qxa4 $19 {[%cal Ob7b5] ...b5! would now be deadly.} 18. O-O b5) 18. Kf1 $17 Rg8 19. Nc4 Qxa4 {[%emt 0:02:52] And now ...b5 would win.} 20. Qb1 {[%emt 0:01:45] [#]} Nf6 $1 (20... b5 $6 21. Ra3 Qb4 22. Rb3 $11) 21. e4 {[%emt 0:21:29] Prevents Bf5.} Rb8 22. Ra3 Qd7 {[%emt 0:00:40][%cal Ob7b6] White must now prevent ...b6!} 23. Bf3 $2 {[%emt 0:00:06] White does not recover from this.} (23. Nb6 $17 Qc7 24. Re3) 23... b5 $19 24. e5 Qf5 (24... bxc4 25. Qxb8 Qd8 26. exd6 (26. exf6 $2 {too greedy.} Bh3+ 27. Rxh3 Qxb8 $19) 26... exd6 (26... Bh3+ $2 27. Rxh3 Qxb8 28. d7+ Nxd7 29. Bxb8 $18) 27. Re3+ Kd7 28. Rg1 Rxg1+ 29. Kxg1 $18) 25. Qxf5 Bxf5 26. exf6 bxc4 27. Rxa6 Bd3+ {[%emt 0:01:44] Black is clearly winning.} (27... exf6 $2 28. Ke2 $19) 28. Ke1 Rg6 ({Less strong is} 28... exf6 29. Kd2 $19) 29. Kd2 Rxf6 30. Ke3 e5 31. dxe6 Rxe6+ 32. Kd2 Rb2+ 33. Kc1 c3 {[%emt 0:00:40] Weighted Error Value: White=0.42/Black=0.04 (flawless) .  Loses game:     	White=1     	---        Mistake:       	White=2     	Black=1      Inaccurate:     	White=2     	---        OK:         	White=12    	Black=15     Best:        	White=3     	Black=3      Strong:       	---       	Black=2} 0-1

[Event "1000 GM Labor Day Super Swiss 2024"]
[Site "San Jose"]
[Date "2024.09.03"]
[Round "8.7"]
[White "Yoo, Christopher Woojin"]
[Black "Atwell, Rose"]
[Result "1-0"]
[Annotator "TA"]
[ECO "A07"]
[WhiteElo "2616"]
[BlackElo "2208"]
[PlyCount "87"]
[EventDate "2024.08.30"]
[EventType "swiss"]
[EventCountry "USA"]
[SourceTitle "playchess.com"]
[Source "ChessBase"]
[SourceQuality "1"]
[TimeControl "5400+30"]

1. g3 d5 2. Nf3 Nf6 3. Bg2 c6 4. O-O Bg4 5. h3 Bh5 6. d3 Nbd7 7. Nbd2 e5 8. e4 dxe4 9. dxe4 Qc7 10. Qe1 b5 {[%emt 0:06:19] The position is equal.} 11. Nb3 Be7 12. Nh4 O-O 13. Nf5 Rfe8 14. Nxe7+ Rxe7 15. a4 Nb6 16. Nc5 Nfd7 17. Na6 Qd6 (17... Qb7 $16) 18. g4 $1 $18 Bg6 {[%emt 0:00:25] [#]} 19. Bg5 $1 {[%emt 0:02:41] Rd1 would now be deadly.} Nf6 {[%emt 0:04:32] [#]} 20. a5 (20. Rd1 Qe6 21. a5 Na4) 20... Na4 21. Rd1 {[%emt 0:01:52] Prevents c5} Qe6 22. Qb4 $36 {[%emt 0:02:30][%mdl 2048] And now f4 would win. White has strong initiative.} Rb7 $2 (22... Rd7 23. Bxf6 gxf6) 23. Rd6 c5 24. Qd2 (24. Nxc5 $2 Qxd6 25. Be3 Rc8 $19 (25... Rc7 $2 26. g5 $19)) 24... Qe7 25. b3 Nc3 26. Re1 {[%emt 0:01:22] Dodges Ne2+. Threatens to win with h4.} (26. Nxc5 Rc7 $18) 26... h6 (26... Rc8 $142 27. f4 h6) 27. Bxf6 ({Don't take} 27. Nxc5 hxg5 28. Nxb7 (28. Qxc3 Rc7 $11) 28... Ncxe4 29. Rd8+ Kh7 30. Rxe4 (30. Bxe4 Nxe4 31. Rxe4 Rxd8 $18) 30... Rxd8 31. Qxd8 Qxd8 32. Nxd8 Nxe4) 27... gxf6 28. Nxc5 Rc7 29. Na6 ({Not} 29. Nd7 Rac8 30. Nxf6+ Kg7 $18) 29... Rb7 30. Nb4 {[%emt 0:02:25][%cal Ob4c6] Hoping for Nc6!} Rc8 31. Nc6 Qe8 32. Qxc3 Rbc7 {[%emt 0:00:05] [#]} 33. Rxf6 Rxc6 34. Rxc6 Rxc6 35. Qd2 Qc8 36. Qxh6 Rxc2 (36... Qd8 {was called for.} 37. Qe3 a6) 37. Rd1 Rb2 (37... Qc7 $142 38. h4 Qxa5) 38. h4 {[%emt 0:01:34][%cal Bh3h4,Bh4h5][%mdl 32] aiming for h5.} Re2 39. h5 Bxe4 40. Qf6 {[%emt 0:00:32] White mates.} Re1+ 41. Rxe1 Qxg4 42. Rxe4 Qd1+ 43. Kh2 Qxh5+ 44. Rh4 {[%emt 0:00:07] Black got outplayed after the opening.   Weighted Error Value: White=0.08 (flawless) /Black=0.51.  Mistake:       	---       	Black=5      Inaccurate:     	White=2     	Black=4      OK:         	White=18    	Black=9      Best:        	White=2     	Black=3      Strong:       	White=2     	---} 1-0

[Event "1000 GM Labor Day Super Swiss 2024"]
[Site "San Jose"]
[Date "2024.09.03"]
[Round "8.8"]
[White "Gongora Montes, Benjamin"]
[Black "Koustav Chatterjee"]
[Result "1/2-1/2"]
[Annotator "TA"]
[ECO "D03"]
[WhiteElo "2111"]
[BlackElo "2524"]
[PlyCount "137"]
[EventDate "2024.08.30"]
[EventType "swiss"]
[EventCountry "USA"]
[SourceTitle "playchess.com"]
[Source "ChessBase"]
[SourceQuality "1"]
[TimeControl "5400+30"]

1. d4 Nf6 2. Nf3 d5 3. Bg5 c5 4. e3 Nc6 5. Nc3 Bg4 6. Be2 {[%emt 0:01:07] D03: 1 d4 d5 2 Nf3 Nf6 3 Bg5, including Torre Attack with early ...d5.} e6 7. O-O Bxf3 8. Bxf3 cxd4 9. exd4 Be7 10. Ne2 O-O 11. c3 Rc8 $146 ({Predecessor:} 11... Nd7 12. Bxe7 Qxe7 13. Ng3 Qd6 14. Re1 b5 15. Be2 Rab8 16. b4 a5 17. a4 axb4 18. axb5 {1-0 Srihari,L (2414)-Sjugirov,S (2663) Levitov Christmas Online Q2 blitz 2020}) 12. Nc1 Na5 13. Nd3 Nc4 14. Qe2 h6 15. Bf4 Bd6 16. Rad1 Re8 17. g3 Re7 18. Bg2 Bxf4 19. Nxf4 Qa5 20. Nd3 Rec7 21. Bh3 Ne4 22. f3 Ned6 23. Kh1 a6 24. a3 Qb5 25. Rf2 Re8 26. Re1 Rce7 27. Qc2 Qc6 28. Rfe2 a5 29. Bg2 b5 30. Qc1 Nb7 (30... Rc7 $11) 31. g4 $1 $16 Qd6 32. g5 hxg5 (32... Kh7 $16) 33. Qxg5 $18 Qd8 34. Nf4 Rd7 35. Qg4 Qf6 36. Bh3 Rde7 (36... Kf8 $16 {was worth a try.}) 37. Nh5 Qh6 $2 {[%emt 0:00:07] [#]} (37... Qg6 {keeps fighting.}) 38. Rg1 $2 (38. Nxg7 $1 $18 {is the precise move to win.} Kf8 (38... Qxg7 $2 {is the wrong capture.} 39. Qh4 $18) 39. Rg1 (39. Nxe8 Rxe8 40. Qg3 a4 $18)) 38... g6 $16 39. Nf6+ Kg7 40. Nxe8+ Rxe8 41. Qg3 a4 {[%emt 0:01:39] [#]} 42. Bf1 (42. Bf5 $142 $1 ) 42... Nbd6 $16 43. Qf2 (43. Qg5 $16) 43... Rh8 44. Re1 Nd2 45. Rg2 Nxf1 46. Rxf1 Nc4 47. Re1 Qf4 48. Rg4 Qf6 49. Kg1 Rh5 50. Re2 Qf5 51. Kg2 Qd3 52. Rg3 Qf5 53. Kh1 Qf6 54. Re1 Nd6 55. Qe2 (55. Rg4 {keeps more tension.} Nc4 56. Kg2 Qf5 57. Kg3) 55... Kg8 56. Rg2 Nc4 57. Reg1 Qf5 58. Rg4 Rh3 59. Rf1 Qh5 60. Rg2 Qh6 61. Rxg6+ fxg6 (61... Qxg6 $2 {loses.} 62. Rg1 $18) 62. Qxe6+ Kh7 63. Qd7+ Kh8 64. Qc8+ Kg7 (64... Kh7 $5 65. Qd7+ $8 Kh8 66. Qc8+ Kh7 67. Qd7+ $11) 65. Qc7+ Kf6 66. Qd8+ Kg7 67. Qc7+ Kf6 68. Qd8+ Kg7 69. Qc7+ 1/2-1/2

[Event "1000 GM Labor Day Super Swiss 2024"]
[Site "San Jose"]
[Date "2024.09.03"]
[Round "8.9"]
[White "Harsha Bharathakoti"]
[Black "Chinni, Rishabh"]
[Result "1-0"]
[Annotator "TA"]
[ECO "A14"]
[WhiteElo "2550"]
[BlackElo "2220"]
[PlyCount "57"]
[EventDate "2024.08.30"]
[EventType "swiss"]
[EventCountry "USA"]
[SourceTitle "playchess.com"]
[Source "ChessBase"]
[SourceQuality "1"]
[TimeControl "5400+30"]

1. Nf3 Nf6 2. c4 e6 3. g3 d5 4. Bg2 c5 5. O-O Be7 6. b3 Nc6 7. e3 O-O 8. Bb2 b6 9. Qe2 Bb7 10. Rd1 Qc7 11. Nc3 a6 (11... dxc4 $11 12. Nb5 Qc8) 12. cxd5 $16 exd5 13. d4 Rfd8 {[%emt 0:03:33] White is better.} 14. Rac1 cxd4 15. Nxd4 Nxd4 16. Rxd4 {[%emt 0:00:04][%cal Oc3d5] [#] Threatens to win with Nxd5!} Bc5 17. Na4 {[%emt 0:13:08] And now b4 would win.} Qe7 18. Nxc5 bxc5 19. Rf4 {[%emt 0:00:02] aiming for Bxf6.} Ne4 20. Bxe4 dxe4 21. Qg4 {[%emt 0:00:02][%csl Gb2][%cal Rg4g7] White is more active.} f5 22. Rxf5 ({Don't play} 22. Qxf5 Rac8 23. Qg4 Rd7) 22... Rd5 (22... Bc8 {was necessary.}) 23. Rxd5 $40 {[%emt 0:01:42][%mdl 128] White attacks with force.} Bxd5 {[%emt 0:00:12] [#]} 24. Rxc5 $3 Rd8 (24... Be6 25. Qxe4) 25. Bd4 g6 (25... h6 $142 26. Rc8 Rxc8 27. Qxc8+ Qf8 28. Qxa6 Qf7) 26. h4 {[%emt 0:00:46] Hoping for h5.} Qf7 $2 (26... Rf8 27. Qe2 (27. Rxd5 Qf7 $18) 27... Be6) 27. Qg5 Qd7 28. Qe5 Qd6 29. Qg7# {[%emt 0:00:09] Black got outplayed after the opening.   Weighted Error Value: White=0.06 (flawless) /Black=0.77.  Mistake:       	---       	Black=3      Inaccurate:     	---       	Black=1      OK:         	White=8     	Black=2      Best:        	White=2     	---} 1-0